 Dungeon Crawl Stone Soup version 0.30-a0-596-g0af90f9a20 (webtiles) character file.

Game seed: 14231461593760892100

325 voltaire321 the Magician (level 6, -2/35 HPs)
             Began as a Deep Elf Hedge Wizard on Jan 6, 2023.
             Slain by Eustachio
             ... wielding a +0 rapier
              (8 damage)
             ... on level 4 of the Dungeon.
             The game lasted 00:18:33 (4878 turns).

voltaire321 the Magician (Deep Elf Hedge Wizard)    Turns: 4878, Time: 00:18:33

Health: -2/35      AC:  3    Str:  7    XL:     6   Next: 24%
Magic:  25/25      EV: 13    Int: 21    God:
Gold:   210        SH:  0    Dex: 14    Spells: 7/15 levels left

rFire   . . .      SeeInvis +    r - +0 war axe "Killer Klown's Death" {drain, rPois rN+ MP+9}
rCold   . . .      Faith    .    (no shield)
rNeg    + . .      Spirit   .    b - +0 robe
rPois   +          Reflect  .    c - +0 hat
rElec   .          Harm     .    (no cloak)
rCorr   +          Rampage  .    (no gloves)
Will    .....                    t - +0 pair of boots
Stlth   ++                       (no amulet)
HPRegen 0.25/turn                h - ring "Kiox" {rCorr SInv}
MPRegen 0.19/turn                (no ring)

@: no status effects
A: no striking features
a: no special abilities


You were on level 4 of the Dungeon.
You visited 1 branch of the dungeon, and saw 4 of its levels.

You collected 210 gold pieces.

Inventory:

Hand Weapons
 a - a +0 dagger
 o - the +9 spear "Daogoif" {flame, rC+ rN+ Stlth+}
   (You took it off a kobold on level 2 of the Dungeon)

   rC:        It protects you from cold.
   rN:        It protects you from negative energy.
   Stlth:     It makes you more stealthy.
 r - the +0 war axe "Killer Klown's Death" (weapon) {drain, rPois rN+ MP+9}
   (You found it on level 3 of the Dungeon)

   rPois:     It protects you from poison.
   rN:        It protects you from negative energy.
   MP:        It affects your magic capacity (+9).
Armour
 b - a +0 robe (worn)
 c - a +0 hat (worn)
 t - a +0 pair of boots (worn)
Jewellery
 h - the ring "Kiox" (left hand) {rCorr SInv}
   (You found it on level 2 of the Dungeon)

   [ring of see invisible]

   SInv:      It lets you see invisible.
   rCorr:     It protects you from acid and corrosion.
 i - an amulet of faith
 j - a ring of fire
 s - a ring of flight
 u - a +4 ring of protection
 v - a ring of protection from cold
 w - a ring of willpower
 y - an amulet of magic regeneration
Scrolls
 k - 2 scrolls of immolation
 n - a scroll of fog
 q - 2 scrolls of teleportation
 x - a scroll of enchant armour {unknown}
 z - a scroll of identify
Potions
 d - a potion of magic
 e - a potion of mutation
 f - 3 potions of attraction {unknown}
 g - a potion of heal wounds
 l - a potion of resistance
 m - a potion of flight
 p - 2 potions of haste {unknown}


   Skills:
 + Level 1.9 Fighting
 + Level 3.7 Dodging
 + Level 3.1 Stealth
 + Level 5.4 Spellcasting
 + Level 2.5 Conjurations
 + Level 2.4 Summonings
 + Level 2.7 Translocations
 + Level 1.7 Ice Magic


You had 7 spell levels left.
You knew the following spells:

 Your Spells              Type           Power      Damage    Failure   Level
a - Magic Dart            Conj           64%        1d6       3%          1
b - Frozen Ramparts       Ice            26%        1d4       16%         3
c - Call Imp              Summ           15%        N/A       6%          2
d - Blink                 Tloc           34%        N/A       4%          2

Your spell library contained the following spells:

 Spells                   Type           Power      Damage    Failure   Level
 Freeze                   Ice            52%        1d6       4%          1
 Kiss of Death            Conj/Necr      44%        2d8       6%          1
 Beastly Appendage        Tmut           10%        N/A       11%         1
 Slow                     Hex            20%        N/A       11%         1
 Hailstorm                Conj/Ice       14%        3d5       13%         3
 Cigotuvi's Dreadful Rot  Necr/Pois/Air  10%        N/A       16%         2
 Wereblood                Tmut           5%         N/A       16%         2
 Mephitic Cloud           Conj/Pois/Air  9%         N/A       22%         3
 Confusing Touch          Hex            5%         N/A       30%         3
 Spider Form              Tmut/Pois      5%         N/A       30%         3
 Dispel Undead            Necr           5%         3d7       71%         4


Dungeon Overview and Level Annotations

Branches:
Dungeon (4/15)
 Temple: D:4-7

Altars:

Annotations:
D:4 Eustachio


Message History

You hit the iguana.
The iguana is almost dead.
The iguana misses you. The iguana bites you.
You hit the iguana.
You kill the iguana!
Eustachio is nearby!
Casting: Magic Dart (safe; 3% risk of failure)
Confirm with . or Enter, or press ? or * to list all spells.
A beastly little devil appears in a puff of frigid air.
Eustachio shouts!
Eustachio gestures wildly while chanting.
Eustachio blinks!
There is an open door here.
You hit Eustachio.
Eustachio is lightly wounded.
Eustachio closely misses you.
Your white imp hits Eustachio but does no damage.
Eustachio hits you with a +0 rapier!
You barely miss Eustachio.
Eustachio is lightly wounded.
Your white imp completely misses Eustachio.
Eustachio twirls his moustache.
Eustachio hits you with a +0 rapier.
Your white imp hits Eustachio but does no damage.
You miss Eustachio.
Eustachio is lightly wounded.
Eustachio hits you with a +0 rapier.
Your white imp misses Eustachio.
Eustachio mumbles some strange words.
Eustachio blinks!
You closely miss Eustachio.
Eustachio is lightly wounded.
Your white imp barely misses Eustachio.
Eustachio hits you with a +0 rapier!
* * * LOW HITPOINT WARNING * * *
Your white imp hits Eustachio.
Your white imp freezes Eustachio.
You hit Eustachio.
Eustachio is moderately wounded.
Eustachio hits you with a +0 rapier.
* * * LOW HITPOINT WARNING * * *
Your white imp barely misses Eustachio.
Eustachio hits you with a +0 rapier!
You die...

..#...........#....#........'..##
..##...###.##.#....##...#######..
..##'#####.#####....#...#.##.....
...'...'....#..+....#...#.#.###..
...#...#....#..#....#....#.....##
...#)..#....#..#....#....#......#
#####..###.###'#....#..#.#.....#.
..###..######....# #......#.
............'..5@+ ##.....#.
............#...@# ##.###.#..
............#....# #.....###.
............#....# #......#.#
#############....## ##.....#...
..................# #......#...
..................# ##.....#..>
..................# ##.###.#....
..................+ #.....###...


You could see Eustachio (ally target) and a friendly white imp (summoned).

Vanquished Creatures
  Blork the orc (D:4)
  An iguana (D:4)
  Natasha (twice) (D:3)
  5 adders
  A white imp (D:4)
  A worm (D:2)
  5 orcs (D:3)
  4 bats
  8 endoplasms
  4 giant cockroaches
  5 goblins
  7 hobgoblins
  19 jackals
  5 kobolds
  5 quokkas
  6 ball pythons
  7 frilled lizards
  3 rats
89 creatures vanquished.

Vanquished Creatures (collateral kills)
  2 adders (D:2)
  An ufetubus (D:2)
  A worm (D:2)
  An endoplasm (D:1)
  A goblin (D:2)
  3 kobolds (D:2)
9 creatures vanquished.

Vanquished Creatures (others)
  10 plants (D:1)
10 creatures vanquished.

Grand Total: 108 creatures vanquished

Notes
Turn   | Place    | Note
-------+----------+-------------------------------------------
     0 | D:1      | voltaire321 the Deep Elf Hedge Wizard began the quest for
                  | the Orb.
     0 | D:1      | Reached XP level 1. HP: 10/10 MP: 7/7
   238 | D:1      | Reached XP level 2. HP: 15/15 MP: 7/9
  1082 | D:1      | Reached XP level 3. HP: 20/20 MP: 8/11
  1426 | D:1      | Learned a level 3 spell: Frozen Ramparts
  1429 | D:1      | Learned a level 2 spell: Call Imp
  1832 | D:2      | Reached skill level 1 in Fighting
  1869 | D:2      | Reached XP level 4. HP: 15/25 MP: 1/12
  2217 | D:2      | Identified the ring "Kiox" {rCorr SInv}
  2505 | D:2      | Reached skill level 5 in Spellcasting
  2614 | D:2      | Identified the +9 spear "Daogoif" {flame, rC+ rN+ Stlth+}
  2636 | D:2      | Reached skill level 1 in Ice Magic
  2736 | D:3      | Identified the +0 war axe "Killer Klown's Death" {drain,
                  | rPois rN+ MP+9}
  2871 | D:3      | Reached XP level 5. HP: 29/29 MP: 14/14
  3542 | D:3      | Noticed Natasha
  3549 | D:3      | Killed Natasha
  3552 | D:3      | Noticed Natasha
  3562 | D:3      | Killed Natasha
  4149 | D:4      | Noticed Blork the orc
  4273 | D:4      | Learned a level 2 spell: Blink
  4427 | D:4      | Noticed Eustachio
  4695 | D:4      | Killed Blork the orc
  4696 | D:4      | Reached XP level 6. HP: 35/35 MP: 16/16
  4878 | D:4      | Slain by Eustachio

Illustrated notes

Levels and vault maps discovered:
D:1:      amcnicky_arrival_choice, layout_basic, serial_bayou,
          serial_bayou_pond_d, serial_bayou_lagoon_a, serial_bayou_lagoon_b,
          serial_bayou_crossing
D:2:      layout_rooms
D:3:      layout_loops_cross, minmay_liquid_box, uniq_natasha
D:4:      nicolae_BIG_FREAKIN_CUBE, layout_gridville, uniq_blork_the_orc,
          uniq_eustachio

Skill      XL: |  1  2  3  4  5 |
---------------+----------------+-----
Dodging        | 3 |  3.7
Fighting       | 1 |  1.9
Translocations | 2 |  2.7
Conjurations   | 2 |  2.5
Spellcasting   | 5 |  5.4
Ice Magic      | 1 |  1.7
Summonings     | 2 |  2.4
Stealth        | 3 |  3.1

Action                   |  1- 3 |  4- 6 || total
-------------------------+-------+-------++-------
Melee: Dagger            |   103 |    23 ||   126
       Punch             |     1 |       ||     1
       War axe           |       |    65 ||    65
       Spear             |       |     1 ||     1
 Cast: Magic Dart        |    96 |    97 ||   193
       Call Imp          |     4 |    11 ||    15
       Blink             |       |     1 ||     1
  Use: Potion            |     1 |     1 ||     2
       Scroll            |       |     7 ||     7
Armor: Robe              |    25 |    24 ||    49
Dodge: Dodged            |   126 |    88 ||   214

Table legend: (Time is in decaauts)
 A = Elapsed time spent in this place.
 B = Non-inter-level travel time spent in this place.
 C = Inter-level travel time spent in this place.
 D = Time resting spent in this place.
 E = Time spent auto-exploring this place.
 F = Levels seen in this place.
 G = Mean time per level.
                   A        B        C        D        E       F      G
               +--------+--------+--------+--------+--------+-----+--------+
         Total |   4944 |   4762 |    182 |   1292 |   2341 |   4 | 1236.0 |
       Dungeon |   4944 |   4762 |    182 |   1292 |   2341 |   4 | 1236.0 |
               +--------+--------+--------+--------+--------+-----+--------+

Top non-repeatable levels by time:
     D:1: 1880 daAuts
     D:4: 1104 daAuts
     D:3: 1084 daAuts
     D:2: 875 daAuts
